 Dungeon Crawl Stone Soup version 0.31.0-9-g3a7656b989 (webtiles) character file.

Game seed: 12581574152492717198

35 qw the Shooter (level 3, 0/18 HPs)
             Began as a Spriggan Hunter on Feb 2, 2024.
             Succumbed to their own poison gas
             ... on level 1 of the Dungeon.
             The game lasted 00:00:02 (522 turns).

qw the Shooter (Spriggan Hunter)                     Turns: 522, Time: 00:00:03

Health: 0/18       AC:  2    Str:  7    XL:     3   Next: 17%
Magic:  4/4        EV: 19    Int: 10    God:
Gold:   47         SH:  0    Dex: 20    Spells: 2/2 levels left

rFire   . . .        a - +0 shortbow (chaos)
rCold   . . .        (shield currently unavailable)
rNeg    . . .        c - +0 robe
rPois   .            (helmet restricted)
rElec   .            (no cloak)
rCorr   .            (gloves unavailable)
SInv    +            (boots unavailable)
Will    .....        (no amulet)
Stlth   ++           (no ring)
HPRegen 0.23/turn    (no ring)
MPRegen 0.09/turn

%: no passive effects
@: lethally poisoned (0 -> -1), very quick
A: very small, no large weapons, unfitting armour, see invisible, speed 3
a: no special abilities


You were on level 1 of the Dungeon.
You visited 1 branch of the dungeon, and saw 1 of its levels.

You collected 47 gold pieces.


Innate Abilities, Weirdness & Mutations

You are very small and have problems with some larger weapons.
You are too small for most types of armour.
You have supernaturally acute eyesight. (SInv)
You cover ground extremely quickly. (Speed+++)


   Skills:
 - Level 1.5 Fighting
 + Level 4.5 Ranged Weapons
 - Level 4.0 Dodging
 - Level 1.5 Stealth


You had 2 spell levels left.
You didn't know any spells.
Your spell library was empty.

Inventory:

Hand Weapons
 a - a +0 shortbow of chaos (weapon)
Armour
 c - a +0 robe (worn)
Potions
 g - a potion of mutation

Dungeon Overview and Level Annotations

Branches:
Dungeon (1/15)

Altars:


Message History

511 ||| DROPPING scroll of butterflies.
You drop a scroll of butterflies.
Done exploring.
512 ||| DROPPING scroll of fear.
You drop a scroll of fear.
Done exploring.
What level of the Dungeon? (default 1, ? - help) Sorry, I don't know how to get there.
Enter note:
Enter note:
Enter note:
Enter note:
Enter note:
Enter note:
Enter note:
Enter note:
Enter note:
Enter note:
Enter note:
Enter note: You are engulfed in poison gas.
You are poisoned.
You feel very sick.
514 ||| Stepping ~*~*~tactically~*~*~ (cloud).
You feel sick.
Things that are here:
a scroll of fear; a scroll of butterflies
There is a lethal amount of poison in your body!
You feel very sick.
There is a lethal amount of poison in your body!
You feel sick.
There is a lethal amount of poison in your body!
You feel sick.
There is a lethal amount of poison in your body!
You feel sick.
There is a lethal amount of poison in your body!
You feel sick.
There is a lethal amount of poison in your body!
You feel sick.
There is a lethal amount of poison in your body!
You feel sick.
There is a lethal amount of poison in your body!
You die...

.%......###
##.....7
....###...#
##0¤0.0.77 ....#
###¤###8¤¤8.0807
....#
#00.'0¤0.00¤.77
..###
###¤¤¤0..0.0..7
..#
#.¤..¤0000077
#.# ###8008¤08¤7
#.# ##000..007
#.# ##0@00¤¤7
#.# ##000077
#.###### #0¤.¤7
.......# #00.77
.).....# #¤.77
.......# #077
########


777 There were no monsters in sight!

Vanquished Creatures
  2 dart slugs (D:1)
  2 ball pythons (D:1)
  5 bats (D:1)
  4 endoplasms (D:1)
  2 goblins (D:1)
  3 hobgoblins (D:1)
  6 kobolds (D:1)
  2 quokkas (D:1)
  2 frilled lizards (D:1)
28 creatures vanquished.

Notes
Turn   | Place    | Note
-------+----------+-------------------------------------------
     0 | D:1      | qw the Spriggan Hunter began the quest for the Orb.
     0 | D:1      | Reached XP level 1. HP: 10/10 MP: 2/2
     0 | D:1      | 0 ||| qw: Version: 0.3-a-155-g5e7d8dd
     0 | D:1      | 0 ||| qw: Game counter: 360
     0 | D:1      | 0 ||| qw: Melee chars always use a shield: true
     0 | D:1      | 0 ||| qw: God list: Okawaru
     0 | D:1      | 0 ||| qw: Allow faded altars: false
     0 | D:1      | 0 ||| qw: Do Orc after clearing Dungeon:15 true
     0 | D:1      | 0 ||| qw: Do second Lair branch before Depths: true
     0 | D:1      | 0 ||| qw: Lair rune preference: random
     0 | D:1      | 0 ||| qw: Goals: Normal
     0 | D:1      | 0 ||| PLANNING D:1-11
    49 | D:1      | Reached skill level 3 in Dodging
   107 | D:1      | Reached XP level 2. HP: 14/14 MP: 3/3
   223 | D:1      | Reached XP level 3. HP: 18/18 MP: 4/4
   506 | D:1      | 506 ||| READING 3 scrolls labelled ZAKHLA REBROY.
   506 | D:1      | 506 ||| IDENTIFYING bubbling cyan potion
   507 | D:1      | 507 ||| READING 2 scrolls of identify.
   507 | D:1      | 507 ||| IDENTIFYING scroll labelled SEGHEU MOUM
   508 | D:1      | 508 ||| READING scroll of identify.
   508 | D:1      | 508 ||| IDENTIFYING scroll labelled FAUDURPHEEFOT
   509 | D:1      | 509 ||| READING scroll of brand weapon.
   509 | D:1      | 509 ||| BRANDING +0 shortbow.
   510 | D:1      | 510 ||| READING scroll labelled HOBODUT QYNIYDER.
   511 | D:1      | 511 ||| DROPPING scroll of butterflies.
   512 | D:1      | 512 ||| DROPPING scroll of fear.
   514 | D:1      | 514 ||| Stepping ~*~*~tactically~*~*~ (cloud).
   517 | D:1      | HP: 4/18 [poisoned by you (poison gas)]
   521 | D:1      | HP: 1/18 [poisoned by you (poison gas)]
   522 | D:1      | Succumbed to their own poison gas

Levels and vault maps discovered:
D:1:      kennysheep_arrival_forest, layout_rooms

Skill      XL: |  1  2 |
---------------+-------+-----
Dodging        | 3 4 |  4.0
Fighting       | |  1.5
Ranged Weapons | |  4.5
Stealth        | |  1.5

Action                     || total
---------------------------++-------
   Fire: Shortbow          ||    68
    Use: Scroll            ||     5
 Armour: Robe              ||     2
  Dodge: Dodged            ||    12

Table legend:
 A = Non-vault XP
 B = Vault XP
 C = Vault XP percentage of total XP
 D = Non-vault monster count
 E = Vault monster count
 F = Vault count percentage of total count
                 A         B        C        D         E       F
            +---------+---------+-------+---------+---------+-------
      Total |      51 |       0 |   0.0 |      28 |       0 |   0.0
            +---------+---------+-------+---------+---------+-------
        D:1 |      51 |       0 |   0.0 |      28 |       0 |   0.0
            +---------+---------+-------+---------+---------+-------
